 Dungeon Crawl Stone Soup version 0.20-a0-540-ge6d1839 (console) character file.

382 Elynae the Digger (level 6, -2/41 HPs)
             Began as a Barachian Earth Elementalist on Jan 29, 2017.
             Slain by a shadow imp (6 damage)
             ... on level 4 of the Dungeon on Jan 30, 2017.
             The game lasted 00:05:37 (3276 turns).

Elynae the Digger (Barachian Earth Elementalist)    Turns: 3276, Time: 00:05:38

Health: -2/41      AC:  2    Str:  6    XL:     6   Next: 76%
Magic:  10/10      EV: 12    Int: 15    God:
Gold:   77         SH:  0    Dex: 12    Spells: 6/10 levels left

rFire    . . .     SeeInvis +   a - +11 trident of Weoc {freeze, rN+ SInv}
rCold    . . .     Gourm    .   c - +0 robe
rNeg     + . .     Faith    .   (no shield)
rPois    .         Spirit   .   (no helmet)
rElec    .         Reflect  .   (no cloak)
rCorr    .         Harm     .   (no gloves)
MR       .....                  (no boots)
Stlth    ++........             (no amulet)
Regen    0.2/turn               (no ring)
                                (no ring)

@: invisible, slow
A: swims, slowness 1, strong legs 1
a: Hop


You were on level 4 of the Dungeon.
You were very hungry.

You visited 1 branch of the dungeon, and saw 3 of its levels.

You collected 77 gold pieces.

Inventory:

Hand Weapons
 a - the +11 trident of Weoc (weapon) {freeze, rN+ SInv}
   (You found it on level 4 of the Dungeon)

   It has been specially enchanted to freeze those struck by it, causing extra
   injury to most foes and up to half again as much damage against particularly
   susceptible opponents.
   It can also slow down cold-blooded creatures.
   It protects you from negative energy.
   It lets you see invisible.
 f - a +0 hand axe
 m - a +1 short sword of electrocution
Missiles
 b - 81 stones (quivered)
Armour
 c - a +0 robe (worn)
Wands
 l - a wand of random effects (48/48)
Scrolls
 d - a scroll of remove curse
 k - 2 scrolls of recharging
Books
 e - a book of Geomancy

   Spells                             Type                      Level
   a - Sandblast                      Earth                        1
   b - Passwall                       Transmutation/Earth          2
   c - Stone Arrow                    Conjuration/Earth            3
   d - Petrify                        Transmutation/Earth          4
   e - Lee's Rapid Deconstruction     Earth                        5
Comestibles
 j - a bread ration
 n - a fruit
 p - a meat ration


   Skills:
 + Level 0.8 Polearms
 - Level 2.0 Dodging
 - Level 2.0 Stealth
 - Level 2.8 Spellcasting
 - Level 3.3 Conjurations
   Level 1.0 Transmutations
 - Level 5.2 Earth Magic


You had 6 spell levels left.
You knew the following spells:

 Your Spells              Type           Power        Failure   Level  Hunger
a - Sandblast             Erth           ###...       2%          1    #......
b - Stone Arrow           Conj/Erth      ###...       12%         3    ###....


Dungeon Overview and Level Annotations

Branches:
Dungeon (2/15)             Temple (0/1) D:4

Altars:
Fedhas
Makhleb

Annotations:
D:4 Grinder


Innate Abilities, Weirdness & Mutations

You can swim through water.
You cover ground slowly.
You can hop short distances.


Message History

Grinder hits you!
You writhe in agony.
The shadow imp closely misses you.
You puncture Grinder!
Grinder is almost dead.
Grinder hits you!
* * * LOW HITPOINT WARNING * * *
You writhe in agony.
* * * LOW HITPOINT WARNING * * *
The shadow imp hits you.
* * * LOW HITPOINT WARNING * * *
Unknown command.
Unknown command.
Okay, then.
Okay, then.
Unknown command.
Grinder blinks!
Unknown command.
It was a potion of invisibility.
You fade into invisibility!
The shadow imp hits you.
You die...

#..........# ######..
#........5.# #...##..
#..........#. #...##..
#..........#.##...##..
..##########..<.......#.##...##..
..#.......##..........#.##...##..
..#....[..##..........#.##...''..
..#.......# #5# #.##...##..
..#.......######E######.##...##..
..+.......+......................
..#.......######.#####..###.#####
..#.......######.# #..# #.# #
.>......รท........# #..# #.# #
>...........##########..###'### #
#########.#.##..........#.....###
#.#.)#.######...#.....'..
#########.##)#.######...#.....##.


You could see Grinder and a shadow imp.

Vanquished Creatures
  Sigmund (D:4)
  An orc wizard (D:4)
  Natasha (D:4)
  2 worker ants (D:4)
  5 adders
  An ooze (D:2)
  2 worms (D:4)
  3 dart slugs (D:1)
  2 leopard geckos (D:1)
  2 orcs (D:4)
  A ball python (D:1)
  A giant cockroach (D:2)
  5 goblins (D:1)
  5 hobgoblins (D:1)
  6 jackals
  5 kobolds
  A quokka (D:2)
  4 bats
  6 frilled lizards
  2 jackal skeletons (D:4)
  A rat (D:1)
57 creatures vanquished.

Notes
Turn   | Place    | Note
-------+----------+-------------------------------------------
     0 | D:1      | Elynae the Barachian Earth Elementalist began the quest for the Orb.
     0 | D:1      | Reached XP level 1. HP: 13/13 MP: 3/3
    47 | D:1      | Reached skill level 3 in Earth Magic
    83 | D:1      | Reached XP level 2. HP: 2/19 MP: 1/5
   704 | D:1      | Reached XP level 3. HP: 23/24 MP: 2/6
  1049 | D:1      | Reached skill level 4 in Earth Magic
  1251 | D:2      | Reached XP level 4. HP: 28/30 MP: 4/7
  1256 | D:2      | Learned a level 3 spell: Stone Arrow
  1522 | D:2      | Reached skill level 1 in Conjurations
  1874 | D:2      | You fall through a shaft for 2 floors!
  1980 | D:4      | Found a burning altar of Makhleb.
  2040 | D:4      | Reached XP level 5. HP: 32/35 MP: 1/8
  2235 | D:4      | Noticed Natasha
  2238 | D:4      | Killed Natasha
  2283 | D:4      | Noticed Sigmund
  2294 | D:4      | Killed Sigmund
  2294 | D:4      | Reached skill level 5 in Earth Magic
  2294 | D:4      | Reached XP level 6. HP: 27/41 MP: 0/10
  2671 | D:4      | Found a staircase to the Ecumenical Temple.
  2803 | D:4      | Found a blossoming altar of Fedhas.
  2918 | D:4      | Got an iridescent trident
  3114 | D:4      | Identified the +11 trident of Weoc {freeze, rN+ SInv} (You found it on level 4 of the Dungeon)
  3268 | D:4      | Noticed Grinder
  3276 | D:4      | Slain by a shadow imp

Vault maps used:
D:1:      dpeg_arrival_connections
D:4:      kennysheep_little_box, kennysheep_mini_moat,
          minmay_temple_entry_butterflies, first_bread, uniq_natasha,
          uniq_sigmund, uniq_grinder

Skill      XL: |  1  2  3  4  5 |
---------------+----------------+-----
Earth Magic    | 3 4 5 |  5.2
Conjurations   | 2 3 |  3.3
Polearms       | |  0.8
Dodging        | |  2.0
Stealth        | |  2.0
Spellcasting   | |  2.8
Transmutations | |  1.0

Action                   |  1- 3 |  4- 6 || total
-------------------------+-------+-------++-------
Melee: Hand axe          |     4 |       ||     4
       Short sword       |     4 |    60 ||    64
       Trident           |       |     7 ||     7
 Cast: Sandblast         |    45 |    22 ||    67
       Stone Arrow       |       |     8 ||     8
 Abil: Hop               |     1 |       ||     1
  Use: Scroll            |       |     6 ||     6
       Potion            |       |     1 ||     1
 Stab: Sleeping          |       |     1 ||     1
  Eat: Chunk             |     2 |     3 ||     5
       Bread ration      |       |     1 ||     1
Armor: Robe              |     8 |     8 ||    16
Dodge: Dodged            |    29 |    59 ||    88
